 Dungeon Crawl Stone Soup version 0.19.4-9-g45fd643 (webtiles) character file.

74 NinoLikesCookies the Slasher (level 4, -6/38 HPs)
             Began as a Draconian Chaos Knight on Feb 16, 2017.
             Mangled by Sigmund
             ... wielding a +1 scythe of protection
              (15 damage)
             ... on level 2 of the Dungeon.
             The game lasted 00:14:21 (2092 turns).

NinoLikesCookies the Slasher (DrCK)                 Turns: 2092, Time: 00:14:22

Health: -6/38      AC: -1    Str: 15      XL:     4   Next: 9%
Magic:  4/4        EV: 12    Int: 10 (12) God:    Xom [...*..]
Gold:   144        SH:  0    Dex:  8 (9)  Spells: 0 memorised, 3 levels left

rFire  . . .     SeeInvis .     a - +0 falchion (chaos)
rCold  . . .     Gourm    .     (armour unavailable)
rNeg   . . .     Faith    .     (no shield)
rPois  .         Spirit   .     (helmet restricted)
rElec  .         Reflect  .     (no cloak)
rCorr  .         Harm     .     (no gloves)
MR     .....                    (no boots)
Stlth  +.........               h - amulet of rage
                                (no ring)
                                u - -6 ring of protection (curse)

@: no status effects
A: unfitting armour, clumsy 1, deterioration 1, cold-blooded, AC +5
a: Renounce Religion, Evoke Berserk Rage


You were on level 2 of the Dungeon.
You worshipped Xom.
You were a favourite toy of Xom.
You were full.

You visited 1 branch of the dungeon, and saw 2 of its levels.

You collected 144 gold pieces.

Inventory:

Hand Weapons
 a - a +0 falchion of chaos (weapon)
 f - a +0 hunting sling
 r - a +0 blowgun
Missiles
 e - 75 stones (quivered)
 l - 21 bolts
Jewellery
 h - an amulet of rage (around neck)
 u - a cursed -6 ring of protection (left hand)
Scrolls
 i - a scroll of magic mapping {unknown}
 j - 4 scrolls of identify {unknown}
 m - a scroll of noise {unknown}
 p - a scroll of fog {unknown}
 s - a scroll of remove curse {unknown}
 w - a scroll of teleportation
Potions
 d - a potion of flight {unknown}
 k - a potion of agility {unknown}
 n - a potion of berserk rage {unknown}
 o - 3 potions of haste {unknown}
 q - a potion of brilliance {unknown}
 v - a potion of curing {unknown}
 x - 2 potions of lignification {unknown}
 z - a potion of heal wounds {unknown}
Comestibles
 b - 3 bread rations
 c - a meat ration
 g - 3 chunks of flesh


   Skills:
 - Level 3.2 Fighting
 + Level 5.0 Long Blades
 - Level 2.1 Dodging


You had 3 spell levels left.
You didn't know any spells.

Dungeon Overview and Level Annotations

Branches:
Dungeon (2/15)

Altars:

Annotations:
D:2 Sigmund


Innate Abilities, Weirdness & Mutations

Your plain brown scales are hard. (AC +5)
You cannot fit into any form of body armour.
You are cold-blooded and may be slowed by cold attacks.
You are clumsy. (Dex -2)
Your body sometimes deteriorates upon taking damage.


Message History

You resist with some effort.
Press: ? - help, v - describe, . - travel
Here: Sigmund, wielding a scythe of protection and wearing a robe The floor.
You barely miss Sigmund. Sigmund casts a spell at you. The magic dart hits you!
* * * LOW HITPOINT WARNING * * *
You hit Sigmund but do no damage.
Sigmund seems to speed up.
Xom thinks this is hilarious!
Your tail-slap misses Sigmund.
Sigmund barely misses you.
You hit Sigmund.
Sigmund is lightly wounded.
Sigmund hits you with a scythe of protection.
* * * LOW HITPOINT WARNING * * *
You hit Sigmund but do no damage.
Sigmund appears confused.
Sigmund is lightly wounded.
Sigmund hits you with a scythe of protection!
You die...
Xom guffaws!

#...# #...#####......
#..............
##########..<####.......
.............# .......
##)..######..# .......
.)...# #..# .g.....
.....######.>####.......
#.#'#....).†...(@@#
#.#....############
#.#...............#
#.#..>..#########.#
..#.....#..#
###.....#..#
........#..#
#####'#....#
...........####


You could see Sigmund (confused) and a goblin.

Vanquished Creatures
  2 gnolls (D:2)
  An ooze (D:2)
  2 worms (D:2)
  2 dart slugs (D:2)
  2 leopard geckos (D:1)
  2 giant cockroaches (D:1)
  3 goblins
  5 hobgoblins
  2 bats (D:1)
  2 frilled lizards (D:2)
  9 kobolds
  4 rats (D:1)
36 creatures vanquished.

Vanquished Creatures (collateral kills)
  A gnoll (D:2)
  A giant cockroach (D:2)
2 creatures vanquished.

Grand Total: 38 creatures vanquished

Notes
Turn   | Place    | Note
-------+----------+-------------------------------------------
     0 | D:1      | NinoLikesCookies the Draconian Chaos Knight began the quest for the Orb.
     0 | D:1      | Reached XP level 1. HP: 19/19 MP: 1/1
   146 | D:1      | XOM: silly message
   265 | D:1      | Reached XP level 2. HP: 23/26 MP: 2/2
   683 | D:1      | Reached skill level 4 in Long Blades
   739 | D:1      | XOM: give mutations
   739 | D:1      | Gained mutation: You are clumsy. (Dex -2) [Xom's mischief]
   739 | D:1      | Gained mutation: Your body sometimes deteriorates upon taking damage. [Xom's mischief]
  1031 | D:2      | XOM: scenery: 1 doors close
  1087 | D:2      | XOM: summons 2 friendly demons
  1102 | D:2      | Reached XP level 3. HP: 31/31 MP: 3/3
  1103 | D:2      | XOM: cast spell 'Summon Butterflies'
  1252 | D:2      | XOM: confusion (+ monsters)
  1660 | D:2      | XOM: mild Tloc miscast
  2028 | D:2      | Reached XP level 4. HP: 10/38 MP: 4/4
  2075 | D:2      | Reached skill level 5 in Long Blades
  2087 | D:2      | Noticed Sigmund
  2092 | D:2      | Mangled by Sigmund

Skill      XL: |  1  2  3  4 |
---------------+-------------+-----
Long Blades    | 4 5 |  5.0
Fighting       | |  3.2
Dodging        | |  2.1

Action                   |  1- 3 |  4- 6 || total
-------------------------+-------+-------++-------
Melee: Falchion          |    93 |     6 ||    99
       Tailslap          |    12 |       ||    12
 Fire: Hunting sling     |     7 |     6 ||    13
  Use: Scroll            |     2 |       ||     2
  Eat: Meat ration       |     1 |       ||     1
       Pizza             |     1 |       ||     1
       Beef jerky        |     1 |       ||     1
Armor: Skin              |    11 |       ||    11
Dodge: Dodged            |    49 |     1 ||    50
       Rpst.: Falchion   |    15 |       ||    15
